 Dungeon Crawl Stone Soup version 0.15-a0-1115-g12a312a (console) character file.

7 gw the Cudgeler (level 2, 0/29 HPs)
             Began as an Ogre Gladiator on May 28, 2014.
             Slain by a gnoll
             ... wielding a +0,+0 spear
              (4 damage)
             ... on Level 1 of the Dungeon.
             The game lasted 00:00:12 (458 turns).

gw the Cudgeler (Ogre Gladiator)                     Turns: 458, Time: 00:00:12

HP   0/29        AC  3     Str 19      XL: 2   Next:  0%
MP   2/2         EV 10     Int  7      God:
Gold 0           SH  0     Dex 10      Spells:  0 memorised,  1 level left

rFire  . . .     SeeInvis .     a - +0 flail
rCold  . . .     Clarity  .     b - +0 animal skin
rNeg   . . .     Conserve .     (shield restricted)
rPois  .         rCorr    .     c - +0 hat
rElec  .         rRot     .     (no cloak)
SustAb .         Spirit   .     (gloves unavailable)
rMut   .         Warding  .     (boots unavailable)
Gourm  .         Stasis   .     (no amulet)
MR     .....                    (no ring)
                                (no ring)

@: not resistant to hostile enchantments, very unstealthy
A: unfitting armour, tough skin 1
a: no special abilities


You were on level 1 of the Dungeon.
You were not hungry.

You visited 1 branch of the dungeon, and saw 1 of its levels.

Inventory:

Hand weapons
 a - a +0,+0 flail (weapon)
Missiles
 d - a throwing net (quivered)
Armour
 b - a +0 animal skin (worn)
 c - a +0 hat (worn)
Comestibles
 f - a meat ration
 g - a bread ration
Scrolls
 e - a scroll of amnesia {unknown}
 h - a scroll of enchant weapon II {unknown}
 j - a scroll of identify {unknown}
 k - a scroll of remove curse {unknown}
Potions
 i - a potion of haste {unknown}


   Skills:
 + Level 2.9 Fighting
 * Level 4.3 Maces & Flails
 + Level 2.3 Throwing
 + Level 2.7 Dodging


You had one spell level left.
You didn't know any spells.

Dungeon Overview and Level Annotations

Branches:
Dungeon (1/15)

Altars:


Innate Abilities, Weirdness & Mutations

You are too large for most types of armour.
You have tough skin (AC +1).


Message History

ATTACKING (-1,0)
The gnoll hits you with a spear.
MOVING TO (8,8)
The gnoll hits you from afar with a spear.
FLEEEEING!
ATTACKING (-1,0)
The gnoll closely misses you.
MOVING TO (8,8)
The gnoll hits you but does no damage.
FLEEEEING!
ATTACKING (-1,0)
The gnoll barely misses you.
MOVING TO (8,8)
The gnoll closely misses you.
FLEEEEING!
ATTACKING (-1,0)
The gnoll closely misses you.
MOVING TO (8,8)
The gnoll hits you from afar with a spear.
You die...

#####.##.#
######
#.##.##
#....#
#.#...##
#....#
#......####
#....#
#...........
#..#
##.....####
#.## ##...##
#.########.##
#.......g.O#
############


You could see a gnoll.

Table legend:
 A = Turns spent in this place as a percentage of turns spent in the entire game.
 B = Non-inter-level travel turns spent in this place as a percentage of non-inter-level travel turns spent in the entire game.
 C = Inter-level travel turns spent in this place as a percentage of turns spent in this place.
 D = Turns resting spent in this place as a percentage of non-inter-level travel turns spent in this place.
 E = Turns spent auto-exploring this place as a percentage of non-inter-level travel turns spent in this place.
 F = Non-inter-level travel turns spent in this place divided by the number of levels of this place that you've seen.
                   A       B       C       D       E      F
               +-------+-------+-------+-------+-------+----------------------
         Total | 100.0 | 100.0 |   0.0 |   5.2 |  24.0 |  96.0
       Dungeon | 100.0 | 100.0 |   0.0 |   5.2 |  24.0 |  96.0
               +-------+-------+-------+-------+-------+----------------------

Table legend:
 A = Kills in this place as a percentage of kills in entire the game.
 B = Kills by you in this place as a percentage of kills by you in the entire game.
 C = Kills by friends in this place as a percentage of kills by friends in the entire game.
 D = Other kills in this place as a percentage of other kills in the entire game.
 E = Experience gained in this place as a percentage of experience gained in the entire game.
 F = Experience gained in this place divided by the number of levels of this place that you have seen.
                   A       B       C       D       E      F
               +-------+-------+-------+-------+-------+----------------------
         Total | 100.0 | 100.0 |  -nan |  -nan | 100.0 |  10.0
       Dungeon | 100.0 | 100.0 |  -nan |  -nan | 100.0 |  10.0
               +-------+-------+-------+-------+-------+----------------------

Vanquished Creatures
  An ooze (D:1)
  A bat (D:1)
  A hobgoblin (D:1)
  A kobold (D:1)
  A goblin (D:1)
5 creatures vanquished.

Notes
Turn   | Place    | Note
--------------------------------------------------------------
     0 | D:1      | gw, the Ogre Gladiator, began the quest for the Orb.
     0 | D:1      | Reached XP level 1. HP: 22/22 MP: 1/1
   410 | D:1      | Reached XP level 2. HP: 29/29 MP: 2/2
   458 | D:1      | Slain by a gnoll

Action                   || total
-------------------------++-------
Melee: Flail             ||    19
Throw: Throwing net      ||     9

Vault maps used:
D:1:      dpeg_arrival_ratfight
